 Dungeon Crawl Stone Soup version 0.16-a0-2970-ge3807df (webtiles) character file.

79 Johnny the Grave Robber (level 3, 0/28 HPs)
             Began as a Demigod Necromancer on Dec 5, 2014.
             Slain by an orc wizard
             ... wielding a +0 dagger
              (4 damage)
             ... on level 3 of the Dungeon.
             The game lasted 00:03:58 (2069 turns).

Johnny the Grave Robber (Demigod Necromancer)       Turns: 2069, Time: 00:03:58

Health: 0/28       AC:  3    Str: 11    XL:     3   Next: 97%
Magic:  0/8        EV: 13    Int: 19    God:
Gold:   90         SH:  0    Dex: 21    Spells: 2 memorised, 2 levels left

rFire  . . .     SeeInvis .     e - +0 short sword
rCold  . . .     Clarity  .     a - +0 robe
rNeg   . . .     SustAb   +     (no shield)
rPois  .         Gourm    .     (no helmet)
rElec  .         Spirit   .     o - +0 cloak
rCorr  .         Warding  .     (no gloves)
rMut   .         Stasis   .     (no boots)
MR     .....                    (no amulet)
Stlth  ++........               (no ring)
                                q - +3 ring of dexterity

@: very slightly contaminated, hasted, very quick, not resistant to hostile
enchantments, unstealthy
A: sustain abilities
a: no special abilities


You were on level 3 of the Dungeon.
You were hungry.

You visited 1 branch of the dungeon, and saw 3 of its levels.

You collected 90 gold pieces.

Inventory:

Hand weapons
 e - a +0 short sword (weapon)
Armour
 a - a +0 robe (worn)
 o - a +0 cloak (worn)
Jewellery
 q - a +3 ring of dexterity (left hand)
Scrolls
 d - a scroll of recharging {unknown}
 g - 6 scrolls of identify {unknown}
 h - a scroll of random uselessness {unknown}
 n - a scroll of magic mapping {unknown}
Potions
 f - 2 potions of ambrosia
 i - a potion of haste
 j - a potion of brilliance {unknown}
 k - a potion of invisibility {unknown}
 l - a potion of might {unknown}
 m - a potion of curing {unknown}
Books
 b - a book of Necromancy

   Spells                             Type                      Level
   a - Pain                           Necromancy                   1
   b - Animate Skeleton               Necromancy                   1
   c - Vampiric Draining              Necromancy                   3
   d - Regeneration                   Charms/Necromancy            3
   e - Animate Dead                   Necromancy                   4
   f - Control Undead                 Necromancy                   4
Comestibles
 c - 2 bread rations
 p - 4 fruits


   Skills:
 * Level 1.5 Fighting
 + Level 0.1 Armour
 * Level 2.3 Dodging
 - Level 1.7 Stealth
 * Level 2.3 Spellcasting
 * Level 4.1 Necromancy


You had 2 spell levels left.
You knew the following spells:

 Your Spells              Type           Power        Failure   Level  Hunger
a - Pain                  Necr           ###.         3%          1    #......
c - Vampiric Draining     Necr           ###.......   12%         3    ###....


Dungeon Overview and Level Annotations

Branches:
Dungeon (3/15)


Innate Abilities, Weirdness & Mutations

Your attributes are resistant to harm.


Message History

Aim: an orc wizard, wielding a dagger and wearing a robe (severely wounded)
The orc wizard convulses in agony!
The orc wizard hits you with a dagger.
* * * LOW HITPOINT WARNING * * *
Unknown command.
You barely miss the orc wizard.
The orc wizard is almost dead.
The orc wizard barely misses you.
Unknown command.
Drink which item? (? for menu, Esc to quit)
It was a potion of haste.
You feel yourself speed up. The orc wizard barely misses you.
You are very lightly contaminated with residual magic.
You miss the orc wizard.
The orc wizard is almost dead.
The orc wizard hits you with a dagger.
* * * LOW HITPOINT WARNING * * *
You completely miss the orc wizard.
The orc wizard is almost dead.
The orc wizard hits you with a dagger.
You die...

##### ###...# .....#
#.†.# #.#########.##
#.......#.<.##
#)....@o##########.#
#.(.†........).......#
#.##...$...###..#####.#
# ##.#............
#.########..#### #.#
#..# #.# #..# #.# #..#
..# #.o#


You could see an orc wizard.

Vanquished Creatures
  A giant mite (D:3)
  3 adders (D:2)
  A worm (D:2)
  A giant gecko (D:1)
  4 bats (D:1)
  2 giant cockroaches
  7 goblins
  7 hobgoblins
  4 jackals (D:1)
  3 kobolds
  A quokka (D:2)
  3 giant newts
  2 rats (D:2)
39 creatures vanquished.

Notes
Turn   | Place    | Note
--------------------------------------------------------------
     0 | D:1      | Johnny, the Demigod Necromancer, began the quest for the Orb.
     0 | D:1      | Reached XP level 1. HP: 14/14 MP: 3/3
   405 | D:1      | Reached skill level 1 in Fighting
   405 | D:1      | Reached XP level 2. HP: 17/23 MP: 0/4
  1070 | D:2      | Found a sacrificial altar of Ru.
  1280 | D:2      | Reached XP level 3. HP: 10/28 MP: 0/8
  1733 | D:2      | Reached skill level 4 in Necromancy
  1749 | D:2      | Learned a level 3 spell: Vampiric Draining
  2069 | D:3      | Slain by an orc wizard

Action                   || total
-------------------------++-------
Melee: Short sword       ||    77
       Unarmed           ||     1
 Cast: Pain              ||    61
       Vampiric Draining ||     5
  Use: Potion            ||     2
 Stab: Sleeping          ||     1
  Eat: Chunk             ||     4
